 Dungeon Crawl Stone Soup version 0.24.0-29-g8ce449bc06 (webtiles) character file.

Game seed: 3524088662966920124, levelgen mode: deterministic

90 PentaManta the Sneak (level 4, -5/22 HPs)
             Began as a Spriggan Assassin on Nov 14, 2019.
             Slain by a bullfrog (7 damage)
             ... on level 3 of the Dungeon.
             The game lasted 00:02:41 (2388 turns).

PentaManta the Sneak (Spriggan Assassin)            Turns: 2388, Time: 00:02:42

Health: -5/22      AC:  3    Str:  7    XL:     4   Next: 32%
Magic:  5/5        EV: 20    Int: 12    God:
Gold:   114        SH:  0    Dex: 18    Spells: 3/3 levels left

rFire    . . .     SeeInvis +   a - +2 dagger
rCold    . . .     Gourm    .   (shield restricted)
rNeg     . . .     Faith    .   b - +0 robe
rPois    .         Spirit   .   (helmet restricted)
rElec    .         Reflect  .   c - +0 cloak
rCorr    .         Harm     .   (gloves unavailable)
MR       .....                  (boots unavailable)
Stlth    ++++......             (no amulet)
HPRegen  0.07/turn              (no ring)
MPRegen  0.09/turn              (no ring)

@: very quick
A: very small, unfitting armour, see invisible, herbivore, speed 3, slow
metabolism 2
a: no special abilities


You were on level 3 of the Dungeon.
You were not hungry.

You visited 1 branch of the dungeon, and saw 3 of its levels.

You collected 114 gold pieces.

Inventory:

Hand Weapons
 a - a +2 dagger (weapon)
Missiles
 d - 20 poisoned darts (quivered)
 e - 7 curare-tipped darts
 q - 2 throwing nets
Armour
 b - a +0 robe (worn)
 c - a +0 cloak (worn)
Jewellery
 h - an uncursed amulet of regeneration {unknown}
Scrolls
 g - 2 scrolls of identify {unknown}
 j - a scroll of fog {unknown}
 l - a scroll of enchant weapon {unknown}
 n - a scroll of remove curse {unknown}
 p - 2 scrolls of teleportation {unknown}
Potions
 i - a potion of curing {unknown}
 k - 2 potions of might {unknown}
 m - a potion of invisibility {unknown}
 o - a potion of magic {unknown}
Comestibles
 f - 3 rations


   Skills:
 - Level 1.5 Fighting
 + Level 3.1 Short Blades
 - Level 2.0 Throwing
 * Level 4.5 Dodging
 + Level 6.7 Stealth


You had 3 spell levels left.
You didn't know any spells.
Your spell library was empty.

Dungeon Overview and Level Annotations

Branches:
Dungeon (3/15)

Altars:
Nemelex Xobeh


Innate Abilities, Weirdness & Mutations

You are very small and have problems with some larger weapons.
You are too small for most types of armour.
You have supernaturally acute eyesight. (SInv)
You are a herbivore.
You cover ground extremely quickly.
You need to consume almost no food.


Message History

The bullfrog is lightly wounded.
The bullfrog barely misses you.
You hit the bullfrog.
The bullfrog is moderately wounded.
The bullfrog closely misses you. The bullfrog barely misses you.
You barely miss the bullfrog.
The bullfrog is moderately wounded.
The bullfrog barely misses you.
You hit the bullfrog.
The bullfrog is moderately wounded.
The bullfrog hits you.
You hit the bullfrog.
The bullfrog is heavily wounded.
The bullfrog hits you!
You hit the bullfrog.
The bullfrog is heavily wounded.
The bullfrog hits you!
* * * LOW HITPOINT WARNING * * *
The bullfrog hits you!
You die...

#..# #.# #.#.##..# #.#
#.#.##..# #.. #.#.##..#
### #######.#.##..#
........#.##..#
........#.##..#
........#.##..#######
......gF#@##..#.....###
........#F##..#.......#
###.###..g.#..#.......#
..
#...........<[....### #
####...#####.......)#
###...## #........#
#......# #........#
#......# #........#
#......# #........#


You could see a bullfrog and a hobgoblin.

Vanquished Creatures
  A hound (D:2)
  An ooze (D:1)
  3 dart slugs
  A leopard gecko (D:3)
  3 orcs (D:3)
  2 giant cockroaches (D:1)
  4 goblins
  8 hobgoblins
  3 jackals
  A ball python (D:1)
  3 bats (D:2)
  5 frilled lizards
  3 kobolds
  9 rats
47 creatures vanquished.

Notes
Turn   | Place    | Note
-------+----------+-------------------------------------------
     0 | D:1      | PentaManta the Spriggan Assassin began the quest for the
                  | Orb.
     0 | D:1      | Reached XP level 1. HP: 10/10 MP: 2/2
   113 | D:1      | Reached skill level 6 in Stealth
   113 | D:1      | Reached XP level 2. HP: 14/14 MP: 3/3
   983 | D:2      | Reached XP level 3. HP: 18/18 MP: 4/4
  1022 | D:2      | Found a sparkling altar of Nemelex Xobeh.
  1523 | D:2      | Reached XP level 4. HP: 9/22 MP: 5/5
  1855 | D:3      | Noticed a bullfrog
  2388 | D:3      | Slain by a bullfrog

Levels and vault maps discovered:
D:1:      evilmike_arrival_hilbert_curve, layout_loops_ring
D:2:      layout_basic, old_standard_altar
D:3:      layout_basic, nicolae_gozag_cash_rules_everything_around_me,
          ebering_ghost_reflecting_pool, first_ration

Skill      XL: |  1  2  3 |
---------------+----------+-----
Dodging        | 2 3 4 |  4.5
Stealth        | 6 |  6.7
Short Blades   | 3 |  3.1
Fighting       | |  1.5
Throwing       | |  2.0

Action                   |  1- 3 |  4- 6 || total
-------------------------+-------+-------++-------
Melee: Dagger            |   107 |    33 ||   140
Throw: Dart              |     3 |       ||     3
 Stab: Sleeping          |    16 |     3 ||    19
Armor: Robe              |     9 |       ||     9
Dodge: Dodged            |    81 |    19 ||   100
